 Dungeon Crawl Stone Soup version 0.30.1-6-gbe392663c4 (webtiles) character file.

Game seed: 14397578737345956494

955 Ivernyr the Shield-Bearer (level 8, -4/63 HPs)
             Began as a Formicid Fighter on Sept 20, 2023.
             Was a Follower of Wu Jian.
             Slain by Duvessa
             ... wielding a +0 short sword
              (15 damage)
             ... on level 4 of the Dungeon.
             The game lasted 00:08:53 (3905 turns).

Ivernyr the Shield-Bearer (Formicid Fighter)        Turns: 3905, Time: 00:08:53

Health: -4/63      AC: 10    Str: 23    XL:     8   Next: 36%
Magic:  8/8        EV:  6    Int:  8    God:    Wu Jian [*.....]
Gold:   146        SH:  5    Dex: 13    Spells: 7/7 levels left

rFire   . . .        a - +0 quarterstaff
rCold   . . .        c - +0 buckler
rNeg    . . .        b - +0 scale mail
rPois   .            (helmet unavailable)
rElec   .            s - +0 cloak
rCorr   .            (no gloves)
SInv    +            p - +1 pair of boots
Will    .....        (no amulet) Stlth
                     (no ring)
HPRegen 0.30/turn    (no ring)
MPRegen 0.11/turn

%: no passive effects
@: grasped by roots, constricted
A: permanent stasis, dig shafts and tunnels, antennae 3, four strong arms
a: Dig, Shaft Self, Renounce Religion


You were on level 4 of the Dungeon.
You worshipped Wu Jian.
Wu Jian was aware of your devotion.
You visited 2 branches of the dungeon, and saw 6 of its levels.

You collected 146 gold pieces.

Inventory:

Hand Weapons
 a - a +0 quarterstaff (weapon)
Armour
 b - a +0 scale mail (worn)
 c - a +0 buckler (worn)
 p - a +1 pair of boots (worn)
 s - a +0 cloak (worn)
Scrolls
 d - a scroll of immolation {unknown}
 e - 2 scrolls of amnesia {unknown}
 h - a scroll of enchant weapon {unknown}
 i - 5 scrolls of teleportation {unknown}
 k - 6 scrolls of identify {unknown}
 l - a scroll of vulnerability {unknown}
 m - a scroll of butterflies {unknown}
 n - 2 scrolls of fear {unknown}
 o - 3 scrolls of magic mapping {unknown}
Potions
 f - 2 potions of brilliance
 g - a potion of lignification {unknown}
 j - 2 potions of heal wounds {unknown}
 q - a potion of ambrosia {unknown}
 r - a potion of curing
 t - a potion of might
 u - a potion of flight {unknown}
 v - a potion of mutation {unknown}


   Skills:
 + Level 5.5 Fighting
 * Level 6.0 Staves
 + Level 5.4 Armour
 + Level 6.6 Shields


You had 7 spell levels left.
You didn't know any spells.
Your spell library contained the following spells:

 Spells                   Type           Power      Damage    Failure   Level
 Lesser Beckoning         Tloc           0%         N/A       88%         2
 Gell's Gravitas          Tloc           0%         N/A       98%         3
 Teleport Other           Tloc           0%         N/A       98%         3


Dungeon Overview and Level Annotations

Branches:
Dungeon (5/15)             Temple (1/1) D:5

Altars:
Ashenzari
Cheibriados
Dithmenos
Elyvilon
Fedhas
Gozag
Hepliaklqana
Kikubaaqudgha
Makhleb
Qazlal
Ru
Sif Muna
Trog
Uskayaw
Vehumet
Wu Jian
Xom
Yredelemnul
Zin
The Shining One

Shops:
D:2 :

Annotations:
D:4 Duvessa, Natasha


Innate Abilities, Weirdness & Mutations

You cannot be hasted, slowed, berserked, paralysed or teleported.
You can dig through walls and to a lower floor.
You have a pair of large antennae on your head. (SInv)
Your four strong arms can wield two-handed weapons with a shield.


Message History

You barely miss Duvessa.
Duvessa is lightly wounded.
Duvessa hits you with a +0 short sword! Duvessa barely misses you.
You hit Duvessa but do no damage.
Duvessa is lightly wounded.
Duvessa barely misses you.
You sock Duvessa!
Duvessa is moderately wounded.
Duvessa hits you with a +0 short sword. Duvessa barely misses you.
Natasha, Servant of Life and Death comes into view.
She is carrying a wand of roots (6).
You hit Duvessa.
Duvessa is moderately wounded.
You block Duvessa's attack.
You hit Duvessa.
Duvessa is heavily wounded.
Duvessa hits you with a +0 short sword!
* * * LOW HITPOINT WARNING * * *
Natasha casts a spell.
Duvessa hits you but does no damage.
You barely miss Duvessa.
Duvessa is heavily wounded.
You block Duvessa's attack.
Natasha mumbles some strange words.
You block Duvessa's attack.
You hit Duvessa.
Duvessa is heavily wounded.
Natasha zaps a wand.
The roots erupt in riotous growth!
Duvessa is unaffected.
The cerulean imp is unaffected.
Natasha is unaffected.
The grasping roots grab you! The grasping roots constrict you.
* * * LOW HITPOINT WARNING * * *
Duvessa hits you with a +0 short sword.
* * * LOW HITPOINT WARNING * * *
The cerulean imp hits you but does no damage.
You hit Duvessa.
Duvessa is heavily wounded.
You block Duvessa's attack. The grasping roots constrict you.
The cerulean imp hits you but does no damage.
Duvessa hits you with a +0 short sword!
You die...

#.# #......>......###..........
#†# #..............(...........
#.###..............##..........
###.#(...........................
......)......e......###..........
........(.....#......###..)......
..........###..........#.........
..............5###...#...........
.........#...5he@.....##.†.......
.........#.########....#.........
####...###.# ##...............
#........# #..#.............
#......### ##.####.........##
#.....)# ###..# #####.....#
#......# ##...##########†...#
#......# #..................#
#......# ###############....#


You could see Duvessa (berserk), Natasha and 2 cerulean imps.

Vanquished Creatures
  Menkaure (D:4)
  An ice beast (D:5)
  3 ogres
  Dowan (D:4)
  3 hounds
  An orc priest (D:3)
  Natasha (D:4)
  An iguana (D:5)
  An orc wizard (D:3)
  10 adders
  4 gnolls (D:4)
  A shadow imp (D:3)
  A white imp (D:4)
  A worm (D:2)
  4 dart slugs
  8 orcs
  6 endoplasms
  6 giant cockroaches
  6 goblins
  12 hobgoblins
  4 quokkas
  5 ball pythons
  7 bats
  4 frilled lizards
  5 kobolds
  7 rats
104 creatures vanquished.

Notes
Turn   | Place    | Note
-------+----------+-------------------------------------------
     0 | D:1      | Ivernyr the Formicid Fighter began the quest for the Orb.
     0 | D:1      | Reached XP level 1. HP: 18/18 MP: 1/1
   172 | D:1      | Reached XP level 2. HP: 24/24 MP: 2/2
   440 | D:1      | Reached XP level 3. HP: 29/29 MP: 3/3
   945 | D:2      | Reached XP level 4. HP: 33/37 MP: 4/4
  1437 | D:2      | Found Fitwarye's Book Shoppe.
  1830 | D:3      | Noticed an ogre
  1835 | D:3      | Killed an ogre
  1836 | D:3      | Reached skill level 5 in Shields
  1836 | D:3      | Reached XP level 5. HP: 42/42 MP: 5/5
  1940 | D:3      | Reached XP level 6. HP: 18/48 MP: 6/6
  2299 | D:3      | You fall into a shaft and drop 2 floors!
  2299 | D:5      | Entered Level 5 of the Dungeon
  2423 | D:5      | Noticed an ice beast
  2424 | D:5      | Found a staircase to the Ecumenical Temple.
  2435 | D:5      | Killed an ice beast
  2436 | D:5      | Reached XP level 7. HP: 27/55 MP: 7/7
  2618 | Temple   | Entered the Ecumenical Temple
  2650 | Temple   | Became a worshipper of the Wu Jian Council
  3169 | D:4      | Reached skill level 5 in Staves
  3270 | D:4      | Noticed Menkaure
  3361 | D:4      | Killed Menkaure
  3362 | D:4      | Reached skill level 5 in Fighting
  3362 | D:4      | Reached skill level 5 in Armour
  3458 | D:4      | Noticed Duvessa
  3482 | D:4      | Reached XP level 8. HP: 45/62 MP: 8/8
  3548 | D:4      | Found a snail-covered altar of Cheibriados.
  3556 | D:4      | Reached * piety under Wu Jian
  3604 | D:4      | Noticed Dowan
  3623 | D:4      | Killed Dowan
  3805 | D:4      | Noticed Natasha
  3813 | D:4      | Killed Natasha
  3900 | D:4      | Noticed Natasha
  3905 | D:4      | Slain by Duvessa

Illustrated notes

Levels and vault maps discovered:
D:1:      lemuel_arrival_behind_the_door_small, layout_basic
D:2:      minmay_evil_eye, layout_loops_ring, serial_shops,
          nicolae_lakefront_shop
D:3:      layout_basic
D:4:      layout_rooms, kennysheep_slug_shrine, uniq_menkaure, uniq_duvessa,
          uniq_natasha
D:5:      layout_loops_ring, minmay_temple_entry_drinking_statues
Temple:   hellmonk_temple_of_storms

Skill      XL: |  1  2  3  4  5  6  7  8 |
---------------+-------------------------+-----
Staves         | 3 4 5 6 |  6.0
Fighting       | 4 5 |  5.5
Armour         | 4 5 |  5.4
Shields        | 5 6 |  6.6

Action                     |  1- 3 |  4- 6 |  7- 9 || total
---------------------------+-------+-------+-------++-------
  Melee: Quarterstaff      |    79 |   121 |   146 ||   346
Ability: Lunge             |       |       |     7 ||     7
         Whirlwind         |       |       |     1 ||     1
    Use: Potion            |       |     1 |     1 ||     2
 Armour: Scale mail        |    30 |    47 |    70 ||   147
  Dodge: Dodged            |    29 |    43 |    67 ||   139
  Block: Buckler           |    19 |    21 |    42 ||    82
